 Dungeon Crawl Stone Soup version 0.17-a0-1882-g750edc8 (webtiles) character file.

23 4thArraOfDagon the Skirmisher (level 2, 0/31 HPs)
             Began as an Ogre Ice Elementalist on Sept 22, 2015.
             Slain by a hound (1 damage)
             ... on level 7 of the Dungeon.
             The game lasted 00:04:21 (610 turns).

4thArraOfDagon the Skirmisher (OgIE)                 Turns: 610, Time: 00:04:22

Health: 0/31       AC:  6    Str: 12    XL:     2   Next: 95%
Magic:  0/5        EV: 10    Int: 14    God:
Gold:   32         SH:  0    Dex: 10    Spells: 1 memorised, 4 levels left

rFire  . . .     SeeInvis .     (no weapon)
rCold  . . .     Clarity  .     a - +0 robe
rNeg   . . .     SustAt   .     (no shield)
rPois  .         Gourm    .     (helmet restricted)
rElec  .         Spirit   .     (no cloak)
rCorr  .         Warding  .     (gloves unavailable)
rMut   .         Stasis   .     (boots unavailable)
MR     .....                    (no amulet)
Stlth  +.........               (no ring)
                                j - +3 ring of protection

@: very slightly contaminated, not resistant to hostile enchantments, very
unstealthy
A: unfitting armour, tough skin 1
a: no special abilities


You were on level 7 of the Dungeon.
You were not hungry.

You visited 1 branch of the dungeon, and saw 8 of its levels.

You collected 32 gold pieces.

Inventory:

Armour
 a - a +0 robe (worn)
 h - a +2 helmet of intelligence
Jewellery
 j - a +3 ring of protection (left hand)
Potions
 i - a potion of resistance
Books
 b - a book of Frost

   Spells                             Type                      Level
   a - Freeze                         Ice                          1
   b - Throw Frost                    Conjuration/Ice              2
   c - Ozocubu's Armour               Charms/Ice                   3
   d - Throw Icicle                   Conjuration/Ice              4
   e - Summon Ice Beast               Ice/Summoning                4
   f - Condensation Shield            Ice                          4
Comestibles
 c - 2 bread rations
 d - a slice of pizza
 f - a chunk of flesh
 k - a meat ration


   Skills:
 * Level 3.3 Fighting
 - Level 1.7 Dodging
 - Level 1.5 Stealth
 - Level 2.4 Spellcasting
   Level 0.6 Conjurations
 - Level 2.1 Ice Magic


You had 4 spell levels left.
You knew the following spells:

 Your Spells              Type           Power        Failure   Level  Hunger
a - Freeze                Ice            #...         12%         1    #......


Dungeon Overview and Level Annotations

Branches:
Dungeon (8/15)
 Temple: D:4-7         Lair: D:8-11

Altars:


Innate Abilities, Weirdness & Mutations

You are too large for most types of armour.
You have tough skin (AC +1).


Message History

Aim: a hound (moderately wounded)
You freeze the hound.
The hound is heavily wounded.
The hound bites you.
* * * LOW HITPOINT WARNING * * *
The hound completely misses you.
Casting: Freeze
Confirm with . or Enter, or press ? or * to list all spells.
Aiming: Freeze
Press: ? - help, Shift-Dir - straight line, f/p - hound
Aim: a hound (heavily wounded)
You freeze the hound.
The hound is severely wounded.
The hound bites you but does no damage.
Unknown command.
The hound bites you.
* * * LOW HITPOINT WARNING * * *
Unknown command.
The hound bites you.
You die...

#..#$#..######.#...
#..#.#..# #.####
#..#v#..# ..#
#..#.#..# ####
#..#Y#..# #..#Z#.c.
#..#.# #
#######.#F#..#
.......@h...#
#########.### ###


You could see a giant frog and a hound.

Vanquished Creatures
  An adder (D:2)
  An adder zombie (D:5)
  2 giant geckos
  A giant cockroach (D:2)
  A ball python (D:2)
  A giant newt (D:5)
  2 jackals (D:4)
  A rat (D:2)
10 creatures vanquished.

Notes
Turn   | Place    | Note
--------------------------------------------------------------
     0 | D:1      | 4thArraOfDagon the Ogre Ice Elementalist began the quest for the Orb.
     0 | D:1      | Reached XP level 1. HP: 16/16 MP: 3/3
    76 | D:2      | Reached XP level 2. HP: 6/29 MP: 0/5
   374 | D:4      | Noticed a phantom
   380 | D:4      | Noticed a big kobold
   382 | D:5      | Entered Level 5 of the Dungeon
   427 | D:5      | Reached skill level 3 in Fighting
   475 | D:6      | Noticed an ogre
   551 | D:8      | Noticed a two-headed ogre
   580 | D:7      | Noticed an insubstantial wisp
   581 | D:7      | Noticed a sky beast
   583 | D:7      | Noticed a sky beast
   583 | D:7      | Noticed a giant frog
   594 | D:7      | Noticed a centaur
   609 | D:7      | HP: 1/31 [hound (2)]
   610 | D:7      | Slain by a hound

Vault maps used:
D:1:      saegor_arrival_simple_e
D:4:      led_xom_imps, kennysheep_flooded_box, kennysheep_orc_chapel
D:5:      first_bread, minmay_splitting_lines
D:6:      makhleb_heckhound_becter, uniq_blork_the_orc, uniq_sigmund
D:7:      minmay_temple_entry_junction2, hangedman_misty_isle, uniq_joseph
D:8:      david_lair_shrubbed, uniq_maurice

Action                   || total
-------------------------++-------
Melee: Unarmed           ||    37
 Cast: Freeze            ||    24
  Use: Potion            ||     4
       Scroll            ||     4
